Nibba-kun, lawful female human Samurai -------------------------------- -................%.............| | ------+--------------..-----.| ------- +..+ |.| ##......| |..| |.| # |.....| |..| |.| #######|.....| |.-----|.| # |.....| |I|....|.-##### |<....| |%-.._.|.| ------- -(|....|.| ...|....|.| ---------|.| +.| |.| -.| ...| ----- Nibba-kun the Kunoichi Experience level: 6 Strength: 14 Dexterity: 15 Constitution: 18 Intelligence: 12 Wisdom: 9 Charisma: 6 Health: 32(57) Energy: 27(27) Def: 10 Gold: 179 Moves: 2441 Dungeon seed: isfzlg1uuwHJFvcA Game ID: Nibba-kun_1554338732 Your Inventory: Coins $ - 179 gold pieces Weapons a - a +1 katana (weapon in hand) b - a +0 wakizashi (alternate weapon; not wielded) c - a +0 yumi d - 30 +0 ya (in quiver) i - a cursed -1 crossbow C - a +1 bow Armor r - an uncursed +0 dwarvish mithril-coat (being worn) y - an uncursed +0 pair of iron shoes (being worn) Y - an uncursed +0 dwarvish iron helm (being worn) Scrolls o - an uncursed scroll of teleportation Spellbooks m - an uncursed spellbook of light Rings B - an uncursed ring of searching Wands v - a cursed wand of striking (0:1) Tools f - an uncursed blindfold Gems n - 2 uncursed worthless pieces of green glass q - 2 uncursed worthless pieces of blue glass Spells and supernatural/magical abilities: Name Level Category Fail Memory l - light 1 divination 100% 93% W - pray for help -- divine ? -- Your skills at the end: Fighting Skills martial arts [Basic] Weapon Skills short sword [Basic] long sword [Basic] bow [Basic] Spellcasting Skills Final Attributes: You were haltingly aligned. You were fast. You are dead. Vanquished creatures: 10 gnome lords a gnomish wizard 5 giant ants 4 dwarves 2 homunculi 2 monkeys a werejackal 2 acid blobs 25 gnomes 2 geckos 2 jackals a fox a sewer rat a grid bug 6 lichens 4 newts 69 creatures vanquished. Voluntary challenges: You used a wielded weapon 95 times, starting on turn 29. You read items or engraved 7 times, starting on turn 864. You never genocided any monsters. You never polymorphed an object. You never changed form. You used no wishes. You never split a pudding. You never wrote Elbereth's name. You violated your moral code, losing 28 points of alignment, starting on turn 1951. Dungeon overview: The Dungeons of Doom: levels 1 to 2 Level 1 a fountain a long staircase Level 2 stairs to The Gnomish Mines The Gnomish Mines: levels 3 to 6 Level 3 stairs to The Dungeons of Doom Level 4 Level 5 Level 6 <- You were here a temple to Amaterasu Omikami History has recorded: On T:1 you entered the Dungeons of Doom to retrieve the Amulet of Yendor! On T:770 you advanced to experience level 2. On T:796 you reached level 2 of The Dungeons of Doom. On T:1022 you reached level 1 of The Gnomish Mines. On T:1149 you advanced to experience level 3. On T:1215 you advanced to experience level 4. On T:1544 you reached level 2 of The Gnomish Mines. On T:1569 you advanced to experience level 5. On T:1777 you reached level 3 of The Gnomish Mines. On T:1967 you advanced to experience level 6. On T:2262 you reached level 4 of The Gnomish Mines. Score breakdown: Gold: 179 ( 7671 points) Experience: 6 levels (12456 points) Exploration: 6 levels ( 11.32%) ( 9302 points) Discoveries: 8 items ( 3.25%) ( 5410 points) Valuables value: (no points given unless you survive) Artifact value: 0 ( 0 points) Variety of kills: 16 monsters ( 4.20%) ( 6147 points) Turncount: 2441 turns ( -295 points) Survival: died (score multiplied by 80%) Total score: 32552 Latest messages: It hits! It stole a violet gem. It misses. You come to. You kill the gnomish wizard! Ulch! That meat was tainted! You feel deathly sick. You faint from lack of food. It hits! It tries to snatch your hat but gives up. It misses. (2x) It bites! It misses. It bites! It hits! It stole a key. It misses. It hits! It tries to snatch your armor but gives up. You die from your illness. Final status: Sayonara Nibba-kun the Samurai, poisoned by a rotted monkey corpse, while fainted from lack of food... You were poisoned in The Gnomish Mines on dungeon level 6 with 32552 points, and 179 pieces of gold, after 2441 moves. You were level 6 with a maximum of 57 hit points when you were poisoned.